 Dungeon Crawl Stone Soup version 0.28.0-53-g5a82cb258f (webtiles) character file.

Game seed: 5296408620627784065

63 tizbic2 the Ruffian (level 3, -3/32 HPs)
             Began as a Troll Transmuter on July 17, 2022.
             Was a Follower of Dithmenos.
             Slain by a water moccasin (5 damage)
             ... on level 3 of the Dungeon.
             The game lasted 00:09:34 (1632 turns).

tizbic2 the Ruffian (Troll Transmuter)              Turns: 1632, Time: 00:09:35

Health: -3/32      AC:  4    Str: 18    XL:     3   Next: 87%
Magic:  5/5        EV:  9    Int: 11    God:    Dithmenos [*.....]
Gold:   87         SH:  0    Dex: 10    Spells: 3/6 levels left

rFire   . . .      SeeInvis .   k - +0 mace
rCold   . . .      Faith    .   (no shield)
rNeg    . . .      Spirit   .   a - +0 robe
rPois   .          Reflect  .   (helmet restricted)
rElec   .          Harm     .   (no cloak)
rCorr   .          Rampage  .   (gloves unavailable)
Will    .....                   (boots unavailable)
Stlth   +.........              c - amulet of magic regeneration
HPRegen 0.90/turn               (no ring)
MPRegen 0.49/turn               (no ring)

@: lethally poisoned (-3 -> -4), wreathed by umbra
A: large, unfitting armour, claws 3, regeneration 1, shaggy fur 1, tough skin 1
a: Renounce Religion


You were on level 3 of the Dungeon.
You worshipped Dithmenos.
Dithmenos was aware of your devotion.
You visited 1 branch of the dungeon, and saw 3 of its levels.

You collected 87 gold pieces.

Inventory:

Hand Weapons
 k - a +0 mace (weapon)
Missiles
 b - 13 bolts
 g - 25 stones
Armour
 a - a +0 robe (worn)
Jewellery
 c - an amulet of magic regeneration (around neck)
Scrolls
 d - a scroll of vulnerability {unknown}
 e - a scroll of fear {unknown}
 i - a scroll of amnesia {unknown}
 l - a scroll of fog {unknown}
Potions
 f - 3 potions of haste {unknown}
 h - a potion of mutation {unknown}
 j - a potion of degeneration {unknown}


   Skills:
 - Level 0.7 Fighting
 * Level 1.2 Long Blades
 - Level 1.5 Dodging
 - Level 3.0 Unarmed Combat
 + Level 2.3 Spellcasting
 - Level 1.3 Transmutations


You had 3 spell levels left.
You knew the following spells:

 Your Spells              Type           Power      Damage    Failure   Level
a - Beastly Appendage     Tmut           8%         N/A       16%         1
b - Wereblood             Tmut           4%         N/A       24%         2

Your spell library contained the following spells:

 Spells                   Type           Power      Damage    Failure   Level
 Spider Form              Tmut/Pois      2%         N/A       54%         3
 Ice Form                 Ice/Tmut       2%         N/A       91%         4


Dungeon Overview and Level Annotations

Branches:
Dungeon (3/15)

Altars:
Dithmenos
Kikubaaqudgha

Shops:
D:2 *


Innate Abilities, Weirdness & Mutations

You are too large for most types of armour.
You have claws for hands.
Your natural rate of healing is unusually fast.
You are covered in fur. (AC +1)
You have tough skin. (AC +1)


Message History

You grow a pair of large bovine horns.
Your feet morph into talons.
Your transformation is almost over.
The water moccasin misses you.
You closely miss the water moccasin. You claw the water moccasin.
The water moccasin is lightly wounded.
The water moccasin bites you.
You are poisoned.
The water moccasin poisons you! The water moccasin bites you.
You completely miss the water moccasin. You claw the water moccasin.
The water moccasin is heavily wounded.
You feel very sick.
The water moccasin closely misses you. x2
You miss the water moccasin.
The water moccasin is heavily wounded.
You feel very sick. The water moccasin closely misses you.
The water moccasin bites you.
You are more poisoned.
The water moccasin poisons you!
You feel very sick. The water moccasin barely misses you.
You feel very sick.
You sock the water moccasin! Your kick misses the water moccasin.
Your claw misses the water moccasin.
The water moccasin is severely wounded.
You feel very sick.
The water moccasin bites you but does no damage.
The water moccasin completely misses you.
Your horns disappear.
Your talons disappear.
You feel sick.
You hit the water moccasin but do no damage.
The water moccasin is severely wounded.
You feel sick. The water moccasin bites you.
* * * LOW HITPOINT WARNING * * *
The water moccasin barely misses you.
* * * LOW HITPOINT WARNING * * *
You feel sick.
You miss the water moccasin.
The water moccasin is severely wounded.
You feel sick. The water moccasin bites you.
You die...

...#.####......
...#...........
.......P......
#..._.P..≈≈..
#####....P..≈≈..
...#.PPPP..≈≈..
#######.#.......≈≈..
!.......@S......≈≈..
######.#..≈≈≈≈≈≈≈..
#.#..≈≈≈≈≈≈≈.. .
#.#........... .
#.#...........
#.#######.############
.#.#.......#
...........#
#..#......##


You could see a water moccasin.

Vanquished Creatures
  2 adders (D:2)
  2 worms
  An orc (D:2)
  3 endoplasms (D:1)
  A goblin (D:2)
  3 hobgoblins
  5 quokkas
  5 ball pythons
  7 bats
  4 frilled lizards
  3 kobolds
  5 rats
41 creatures vanquished.

Notes
Turn   | Place    | Note
-------+----------+-------------------------------------------
     0 | D:1      | tizbic2 the Troll Transmuter began the quest for the Orb.
     0 | D:1      | Reached XP level 1. HP: 18/18 MP: 1/1
   236 | D:1      | Reached XP level 2. HP: 26/26 MP: 3/3
   263 | D:1      | Found a faded altar of an unknown god.
   273 | D:1      | Prayed at the altar of an unknown god.
   273 | D:1      | Became a worshipper of Dithmenos the Shadowed
   273 | D:1      | Reached * piety under Dithmenos
   656 | D:2      | Found Nusourr's Assorted Antiques.
   669 | D:2      | Reached XP level 3. HP: 32/32 MP: 3/5
   809 | D:2      | Learned a level 2 spell: Wereblood
   984 | D:2      | Identified the +0 ring mail of Vampiric Thralls {-Cast
                  | rPois Dex+6 Stlth+}
  1297 | D:2      | Reached skill level 1 in Long Blades
  1466 | D:3      | Noticed a black bear
  1615 | D:3      | Found an ancient bone altar of Kikubaaqudgha.
  1617 | D:3      | Noticed a water moccasin
  1632 | D:3      | Slain by a water moccasin

Illustrated notes

Levels and vault maps discovered:
D:1:      dpeg_arrival_shrine, layout_loops_ring,
          hellmonk_ecumenical_altar_heavens_door
D:2:      layout_loops_corners, serial_shops, nicolae_shop_window_shopping,
          minmay_box_of_dots
D:3:      cheibrodos_greedy_goblins, layout_basic, mainiacjoe_overflow_chevrons,
          uniq_robin, uniq_sigmund

Skill      XL: |  1  2  3 |
---------------+----------+-----
Spellcasting   | 2 |  2.3
Long Blades    | 1 |  1.2
Fighting       | |  0.7
Dodging        | |  1.5
Unarmed Combat | |  3.0
Transmutations | |  1.3

Action                   || total
-------------------------++-------
Melee: Unarmed           ||    12
       Glaive            ||    48
       Kick              ||    13
       Headbutt          ||     6
       Mace              ||    39
       Whip              ||    27
       Punch             ||     1
 Cast: Beastly Appendage ||    29
       Wereblood         ||     2
Armor: Robe              ||    70
Dodge: Dodged            ||    98
